 Dungeon Crawl Stone Soup version 0.21-a0-170-g0398fc9 (webtiles) character file.

11924 4thArraOfDagon the Cleaver (level 12, -2/138 HPs)
             Began as a Human Berserker on Aug 6, 2017.
             Was an Elder of Trog.
             Slain by an ettin
             ... wielding a +0 dire flail
              (36 damage)
             ... on level 1 of the Orcish Mines.
             The game lasted 00:35:12 (5488 turns).

4thArraOfDagon the Cleaver (Human Berserker)        Turns: 5488, Time: 00:35:12

Health: -2/138     AC: 24    Str: 28    XL:     12   Next: 13%
Magic:  10/10      EV: 11    Int: 10    God:    Trog [****..]
Gold:   257        SH:  0    Dex: 12    Spells: 11/11 levels left

rFire    . . .     SeeInvis +   Y - +1 battleaxe (flame)
rCold    + + .     Gourm    .   (shield currently unavailable)
rNeg     + . .     Faith    .   a - +2 plate armour {rC+}
rPois    .         Spirit   .   U - +0 helmet {SInv}
rElec    .         Reflect  .   (no cloak)
rCorr    .         Harm     .   y - +0 pair of gloves
MR       ++...                  Z - +3 pair of boots of the Heavens {Int+2}
Stlth    ..........             (no amulet)
HPRegen  1.33/turn              H - ring of Demi {+Blink rF- rC+ rN+}
MPRegen  0.12/turn              J - +2 ring of strength

@: berserking, regenerating, drained, very quick
A: yellow scales 1, clumsy 1, fire resistance 1, low mp 1, MP-powered wands
a: Berserk, Trog's Hand, Brothers in Arms, Burn Spellbooks, Renounce Religion,
Evoke Blink


You were on level 1 of the Orcish Mines.
You worshipped Trog.
Trog was greatly pleased with you.
You were not hungry.

You visited 2 branches of the dungeon, and saw 12 of its levels.
You also visited: Labyrinth.

You collected 766 gold pieces.
You spent 509 gold pieces at shops.

Inventory:

Hand Weapons
 I - a +2 battleaxe of chopping
 Y - a +1 battleaxe of flaming (weapon)
Armour
 a - a +2 plate armour of cold resistance (worn)
 b - a +0 animal skin
 e - a +2 chain mail of positive energy
 h - a +0 scale mail
 l - a +0 helmet of see invisible
 r - a +4 ring mail
 y - a +0 pair of gloves (worn)
 P - a +0 chain mail of cold resistance
 U - a +0 helmet of see invisible (worn)
 Z - the +3 pair of boots of the Heavens (worn) {Int+2}
   (You bought it in a shop on level 1 of the Orcish Mines)

   It affects your intelligence (+2).
Jewellery
 G - a +2 ring of dexterity
 H - the ring of Demi (left hand) {+Blink rF- rC+ rN+}
   (You found it on level 7 of the Dungeon)

   [ring of protection from cold]

   It makes you vulnerable to fire.
   It protects you from cold.
   It protects you from negative energy.
   It lets you blink.
 J - a +2 ring of strength (right hand)
 M - an uncursed ring of resist corrosion
Wands
 A - a wand of paralysis (7/24)
 E - a wand of lightning (0/15)
 Q - a wand of flame (26/48)
 V - a wand of polymorph (7/24)
Scrolls
 d - 3 scrolls of fog {unknown}
 g - 5 scrolls of identify
 m - 2 scrolls of enchant armour {unknown}
 n - a scroll of teleportation
 u - a scroll of random uselessness {unknown}
 v - a scroll of remove curse
 w - 2 scrolls of amnesia {unknown}
 D - a scroll of magic mapping
 F - a scroll of summoning {unknown}
 K - a scroll of fear {unknown}
 O - a scroll of enchant weapon {unknown}
 S - a scroll of blinking
Potions
 f - a potion of magic {unknown}
 i - 2 potions of might {unknown}
 j - 2 potions of lignification {unknown}
 k - a potion of mutation {unknown}
 o - a potion of resistance {unknown}
 p - a potion of heal wounds
 q - 2 potions of flight
 s - 4 potions of curing
 t - a potion of brilliance {unknown}
 x - a potion of invisibility {unknown}
 z - 2 potions of berserk rage {unknown}
 C - a potion of ambrosia {unknown}
 R - a potion of degeneration {unknown}
Books
 W - a book of Spatial Translocations

   Spells                             Type                      Level
   a - Blink                          Translocation                2
   b - Shroud of Golubria             Charms/Translocation         2
   c - Lesser Beckoning               Translocation                3
   d - Gell's Gravitas                Translocation                3
   e - Teleport Other                 Translocation                3
   f - Passage of Golubria            Translocation                4
   Trog disapproves of the use of such an item.
Comestibles
 c - 7 bread rations
 B - a meat ration


   Skills:
 - Level 8.1(7.9) Fighting
 * Level 12.2(11.9) Axes
 + Level 8.7(8.4) Armour
 + Level 8.8(8.6) Dodging


You had 11 spell levels left.
You didn't know any spells.

Dungeon Overview and Level Annotations

Branches:
Dungeon (10/15)            Temple (0/1) D:5            Lair (0/6) D:9
    Orc (2/2) D:9             Elf (0/3) Orc:2

Altars:
Ashenzari
Cheibriados
Dithmenos
Gozag
Hepliaklqana
Kikubaaqudgha
Nemelex Xobeh
Qazlal
Sif Muna
Trog
Uskayaw
Wu Jian
Yredelemnul
Zin
The Shining One
Beogh

Shops:
Orc:1 [   Orc:2 [(?:=(}

Annotations:
D:6 namelastname112's ghost, novice DrWn


Innate Abilities, Weirdness & Mutations

You are partially covered in yellow scales. (AC +2)
You are clumsy. (Dex -2)
Your flesh is heat resistant. (rF+)
Your magical capacity is low. (-10% MP)
You expend magic power (3 MP) to strengthen your wands.


Message History

The orc sorcerer gestures at you while chanting.
You resist with almost no effort. The orc warrior misses you.
The sixfirhy barely misses you.
Unknown command.
Unknown command.
You slash the ettin! You burn the ettin.
The ettin is almost dead.
Your plate armour prevents you from hitting the orc sorcerer.
You closely miss the orc. You barely miss the orc. You miss the sixfirhy.
The sixfirhy barely misses you. The sixfirhy completely misses you.
The orc closely misses you.
You hit the sixfirhy. You burn the sixfirhy.
The sixfirhy is lightly wounded.
You hit the ettin but do no damage. You slash the orc sorcerer!
You burn the orc sorcerer. You closely miss the orc. You slash the orc!
You burn the orc.
You kill the orc!
Trog accepts your kill. The sixfirhy closely misses you.
The ettin hits you with a dire flail!!!
You die...

. ...... .. .# #.
##.... #.#...
##.##.....#..#...
.$.............
..............
#......#...#
#.....##.##
##....>.Coo####
#.......(oC@...#.
..........3[.......
#..................
#...$.......##.....
.............#.....
..............#.##.
#..###..#.#..## #
## #########


You could see a stone giant, an ettin, a sixfirhy, an orc sorcerer, an orc
warrior and an orc.

Vanquished Creatures
  An orc warlord (Orc:2)
  A minotaur (Lab)
  A two-headed ogre (D:9)
  An orc high priest (Orc:2)
  2 orc sorcerers (Orc:2)
  A manticore (D:9)
  2 trolls (Orc:2)
  A hornet (D:8)
  Grinder (D:5)
  Prince Ribbit (D:7)
  Sigmund (D:4)
  A soldier ant (D:9)
  A water moccasin (D:7)
  28 orc warriors
  3 sky beasts
  3 necrophages
  An ice beast (D:5)
  A black bear (D:8)
  A phantom (D:8)
  4 ogres
  A centaur (D:6)
  A big kobold (D:9)
  A wyvern skeleton (D:7)
  A scorpion (D:5)
  13 killer bees (D:9)
  A wight (D:10)
  3 howler monkeys
  2 hounds
  2 bullfrog skeletons
  22 orc priests
  17 orc wizards
  A gnoll shaman (D:8)
  Natasha (D:2)
  3 worker ants
  Terence (D:3)
  2 killer bee zombies
  2 hound skeletons
  A howler monkey zombie (D:8)
  Robin (D:2)
  9 adders
  8 gnolls
  A river rat (D:7)
  A shadow imp (D:6)
  2 worms
  A dart slug (D:5)
  4 leopard geckos
  85 orcs
  7 bats
  3 giant cockroaches
  12 hobgoblins
  10 jackals
  11 kobolds
  4 quokkas
  3 frilled lizards
  20 goblins
  A quokka skeleton (D:5)
  9 rats
323 creatures vanquished.

Vanquished Creatures (collateral kills)
  An orc (Orc:2)
1 creature vanquished.

Grand Total: 324 creatures vanquished

Notes
Turn   | Place    | Note
-------+----------+-------------------------------------------
     0 | D:1      | 4thArraOfDagon the Human Berserker began the quest for the Orb.
     0 | D:1      | Reached XP level 1. HP: 18/18 MP: 1/1
   104 | D:1      | Reached XP level 2. HP: 8/24 MP: 2/2
   177 | D:1      | HP: 1/24 [goblin (3)]
   411 | D:1      | Reached XP level 3. HP: 29/29 MP: 3/3
   493 | D:2      | Noticed Robin
   498 | D:2      | Reached ** piety under Trog
   511 | D:2      | Killed Robin
   511 | D:2      | Reached XP level 4. HP: 35/35 MP: 4/4
   912 | D:2      | Noticed Natasha
   921 | D:2      | Killed Natasha
   921 | D:2      | Reached XP level 5. HP: 41/41 MP: 5/5
  1015 | D:3      | Reached skill level 4 in Axes
  1061 | D:3      | Noticed Terence
  1077 | D:3      | Killed Terence
  1077 | D:3      | Reached XP level 6. HP: 48/48 MP: 6/6
  1099 | D:3      | Found a basalt altar of Yredelemnul.
  1103 | D:3      | Found a hazy altar of Hepliaklqana.
  1104 | D:3      | Found an ornate altar of the Wu Jian Council.
  1108 | D:3      | Found a shattered altar of Ashenzari.
  1181 | D:3      | Reached *** piety under Trog
  1279 | D:4      | Found a glowing golden altar of the Shining One.
  1414 | D:4      | Noticed Sigmund
  1426 | D:4      | Killed Sigmund
  1426 | D:4      | Reached skill level 5 in Axes
  1426 | D:4      | Reached XP level 7. HP: 55/55 MP: 7/7
  1530 | D:5      | Entered Level 5 of the Dungeon
  1549 | D:5      | Found a stormy altar of Qazlal.
  1557 | D:5      | Noticed Grinder
  1569 | D:5      | Killed Grinder
  1661 | D:5      | Reached skill level 5 in Fighting
  1661 | D:5      | Reached XP level 8. HP: 62/62 MP: 8/8
  1663 | D:5      | Reached skill level 6 in Axes
  1666 | D:5      | Gained mutation: Your spells are a little easier to cast, but a little less powerful. [mutagenic meat]
  1667 | D:5      | Gained mutation: You are partially covered in yellow scales. (AC +2) [mutagenic meat]
  1668 | D:5      | Lost mutation: Your spells are a little easier to cast, but a little less powerful. [mutagenic meat]
  1669 | D:5      | Gained mutation: You are clumsy. (Dex -2) [mutagenic meat]
  1670 | D:5      | Gained mutation: You are robust. (+10% HP) [mutagenic meat]
  1817 | D:6      | Found a sparkling altar of Nemelex Xobeh.
  1817 | D:6      | Found a shadowy altar of Dithmenos.
  1880 | D:5      | Found a staircase to the Ecumenical Temple.
  2160 | D:5      | Thaneod: Abyss...
  2162 | D:6      | 4thArraOfDagon: jak
  2190 | D:6      | 4thArraOfDagon: jakis merfolk
  2190 | D:6      | 4thArraOfDagon: z dzida of distortion?
  2190 | D:6      | 4thArraOfDagon: :)
  2214 | D:6      | Reached skill level 7 in Axes
  2284 | D:6      | Thaneod: Louise
  2298 | D:7      | 4thArraOfDagon: ahh
  2298 | D:7      | Thaneod: mimo ze dalem mr++ i rage
  2298 | D:7      | 4thArraOfDagon: a ile szans miala na wyslanie cie do otchalni?
  2302 | D:7      | Noticed Prince Ribbit
  2316 | D:6      | Reached skill level 5 in Dodging
  2418 | D:7      | Reached **** piety under Trog
  2419 | D:7      | Reached XP level 9. HP: 63/74 MP: 9/9
  2427 | D:7      | Reached skill level 5 in Armour
  2430 | D:7      | Gained mutation: You expend magic power (3 MP) to strengthen your wands. [mutagenic meat]
  2431 | D:7      | Lost mutation: You are robust. (+10% HP) [mutagenic meat]
  2432 | D:7      | Gained mutation: You tend to lose your temper in combat. [mutagenic meat]
  2433 | D:7      | Gained mutation: Your magical capacity is low. (-10% MP) [mutagenic meat]
  2434 | D:7      | Gained mutation: You evolve. [mutagenic meat]
  2464 | D:7      | Killed Prince Ribbit
  2480 | D:7      | Found a snail-covered altar of Cheibriados.
  2531 | D:7      | Thaneod: nie wiem, ale jakos sie wydostalem
  2536 | D:7      | Thaneod: drugi raz w zyciu:)
  2544 | D:7      | Got a glittering steel ring
  2545 | D:7      | 4thArraOfDagon: patrz jakie fajny pierscienie
  2545 | D:7      | 4thArraOfDagon: kocham ta gre haha
  2547 | D:7      | Identified the ring of Demi {+Blink rF- rC+ rN+} (You found it on level 7 of the Dungeon)
  2566 | D:6      | Reached skill level 8 in Axes
  2594 | D:6      | Noticed namelastname112's ghost (novice DrWn)
  2636 | D:7      | Found a bloodstained altar of Trog.
  2814 | D:5      | Found a hide-covered altar of Uskayaw.
  2814 | D:5      | Found a deep blue altar of Sif Muna.
  2966 | D:8      | You fall through a shaft!
  2967 | D:9      | Thaneod: daj dumpa
  2991 | D:9      | Found a staircase to the Lair.
  3108 | D:8      | Noticed a hornet
  3116 | D:8      | Killed a hornet
  3116 | D:8      | Reached XP level 10. HP: 77/77 MP: 9/9
  3121 | D:8      | Reached skill level 9 in Axes
  3220 | D:9      | Noticed a two-headed ogre
  3227 | D:9      | Killed a two-headed ogre
  3315 | D:9      | Found a staircase to the Orcish Mines.
  3356 | D:9      | Found an ancient bone altar of Kikubaaqudgha.
  3370 | D:9      | Noticed a manticore
  3383 | D:9      | Killed a manticore
  3406 | D:9      | Thaneod: jaka szansa na skuteczny blink?
  3429 | D:9      | 4thArraOfDagon: blink?
  3429 | D:9      | 4thArraOfDagon: z czaru?
  3439 | D:9      | Thaneod: z pierscienia
  3442 | D:9      | Thaneod: daj a
  3442 | D:9      | 4thArraOfDagon: aaa
  3442 | D:9      | 4thArraOfDagon: no to pisze jak dasz a
  3442 | D:9      | 4thArraOfDagon: 28% na fail
  3442 | D:9      | Thaneod: no
  3442 | D:9      | Thaneod: life saver generalnie
  3442 | D:9      | 4thArraOfDagon: zwieksza sie jak trenujesz evocations
  3462 | D:9      | Reached skill level 10 in Axes
  3504 | D:9      | Found an opulent altar of Gozag.
  3505 | D:9      | Found a glowing silver altar of Zin.
  3747 | D:10     | Entered Level 10 of the Dungeon
  3754 | D:10     | Reached XP level 11. HP: 84/84 MP: 9/9
  3766 | D:10     | Noticed a death knight
  3792 | D:9      | Thaneod: +7 chopping czy +5 flaming , która broń jest lepsza?
  3808 | D:9      | 4thArraOfDagon: broad?
  3808 | D:9      | Thaneod: ta
  3808 | D:9      | 4thArraOfDagon: porownywalne, ale ja bym bral flaming
  3808 | D:9      | 4thArraOfDagon: zostaw +7
  3808 | D:9      | 4thArraOfDagon: jakbys mial brand scroll
  3808 | D:9      | 4thArraOfDagon: czy cos
  3810 | Orc:1    | Entered Level 1 of the Orcish Mines
  3873 | Orc:2    | Entered Level 2 of the Orcish Mines
  3873 | Orc:2    | Found Batorgh's Magic Scroll Boutique.
  3878 | Orc:2    | Bought a scroll of teleportation for 48 gold pieces
  3878 | Orc:2    | Bought a scroll of blinking for 120 gold pieces
  3878 | Orc:2    | Bought a scroll of magic mapping for 56 gold pieces
  3895 | Orc:2    | Found Dosaampo's Jewellery Emporium.
  3895 | Orc:2    | Found Hioxaump's Antique Weapon Shoppe.
  3941 | Orc:2    | Found a labyrinth entrance.
  3948 | Lab      | Entered a labyrinth
  4135 | Lab      | Lost mutation: You tend to lose your temper in combat. [evolution]
  4200 | Lab      | Noticed a minotaur
  4211 | Lab      | Killed a minotaur
  4215 | Lab      | Got a bloodstained lajatang
  4216 | Lab      | Identified the +3 lajatang of Deflation {pain, Int+4 SInv} (You found it in a labyrinth)
  4228 | Lab      | 4thArraOfDagon: lipa ehh
  4256 | Orc:2    | Found a staircase to the Elven Halls.
  4275 | Orc:2    | Found a roughly hewn altar of Beogh.
  4331 | Orc:2    | Found a roughly hewn altar of Beogh.
  4332 | Orc:2    | Found Kidasude's Gadget Emporium.
  4420 | Orc:2    | Reached skill level 11 in Axes
  4443 | Orc:2    | Found a roughly hewn altar of Beogh.
  4484 | Orc:1    | Noticed an ettin
  4486 | Orc:1    | Noticed an orc sorcerer
  4618 | Orc:2    | Found a roughly hewn altar of Beogh.
  4621 | Orc:2    | Noticed an orc sorcerer
  4622 | Orc:2    | Noticed a soul eater
  4623 | Orc:2    | Found Xuto's Book Shoppe.
  4628 | Orc:2    | Killed an orc sorcerer
  4675 | Orc:2    | Found a roughly hewn altar of Beogh.
  4712 | Orc:1    | Found Fuapicy's Antique Armour Boutique.
  4748 | Orc:1    | Bought a pair of crude boots for 285 gold pieces
  4753 | Orc:1    | Identified the +3 pair of boots of the Heavens {Int+2} (You bought it in a shop on level 1 of the Orcish Mines)
  4894 | Orc:2    | Found a roughly hewn altar of Beogh.
  4918 | Orc:2    | Reached ***** piety under Trog
  4988 | Orc:2    | Noticed an orc high priest
  4989 | Orc:2    | Noticed a sixfirhy
  4989 | Orc:2    | Noticed an orc sorcerer
  5141 | Orc:2    | Noticed a soul eater
  5154 | Orc:2    | Killed an orc high priest
  5315 | Orc:2    | Gained mutation: Your flesh is heat resistant. (rF+) [evolution]
  5315 | Orc:2    | Lost mutation: You evolve. [end of evolution]
  5339 | Orc:2    | Noticed an orc warlord
  5360 | Orc:2    | Killed an orc warlord
  5360 | Orc:2    | Reached skill level 12 in Axes
  5360 | Orc:2    | Reached XP level 12. HP: 83/92 MP: 10/10
  5398 | Orc:2    | Found Donu's Antique Armour Shop.
  5399 | Orc:2    | Found a roughly hewn altar of Beogh.
  5402 | Orc:2    | Found Baisibb's Antique Weapon Boutique.
  5477 | Orc:1    | Noticed a stone giant
  5485 | Orc:1    | Noticed a sixfirhy
  5488 | Orc:1    | Slain by an ettin

Vault maps used:
D:1:      dpeg_arrival_rooms_c
D:2:      kennysheep_the_goblin_king, serial_forest, infiniplex_forest_split,
          infiniplex_forest_straight_4, infiniplex_forest_fountain,
          infiniplex_forest_lined_2, infiniplex_forest_clump_cross,
          infiniplex_forest_straight_3, infiniplex_forest_straight_2,
          infiniplex_forest_lined_3, infiniplex_forest_clump_diagonal,
          infiniplex_forest_end_2, uniq_robin, uniq_natasha
D:3:      grunt_temple_overflow_open, guppyfry_early_lair_pool, uniq_terence
D:4:      tso_altar, uniq_sigmund, uniq_blork_the_orc
D:5:      nicolae_overflow_hidden_temple, minmay_temple_entry_fiery,
          first_bread, minmay_misc_feat_nine_boxes, lemuel_flame_loot_1,
          uniq_grinder
D:6:      gammafunk_temple_overflow_wave
D:7:      wad_woods_stonehenge, nicolae_overflow_crystal_walls, led_sif_pool,
          uniq_prince_ribbit1
D:8:      minmay_holes, hangedman_glass_garden
D:9:      grunt_temple_overflow_gold_and_silver, kiku_gazebo_garden_becter,
          dpeg_oklobed_lair, orc_0_dummy, blue_anna_alchemist
D:10:     kennysheep_windowed_halls, serial_undead, serial_undead_c,
          serial_undead_a, serial_undead_e, serial_undead_b
Orc:1:    serial_shops, shop, basic_altar
Orc:2:    grunt_orc_community_town_hall, grunt_orc_community_big_house_2,
          grunt_orc_community_big_house_1, grunt_orc_community_house_3,
          grunt_orc_community_house_2, grunt_orc_community_house_3,
          grunt_orc_community_house_2, grunt_orc_community_house_1,
          lab_entry_generic, serial_shops, shop, nicolae_shop_waterfront, shop
Lab:      nicolae_lab_arrow, labyrinth_fake_exit

Skill      XL: |  1  2  3  4  5  6  7  8  9 10 11 |
---------------+----------------------------------+-----
Dodging        | 3 4 5 6 7 8 |  8.8
Axes           | 4 5 7 8 10 12 | 12.2
Armour         | 3 4 6 7 8 |  8.7
Fighting       | 4 5 6 7 8 |  8.1

Action                   |  1- 3 |  4- 6 |  7- 9 | 10-12 || total
-------------------------+-------+-------+-------+-------++-------
Melee: Hand axe          |    75 |   133 |   248 |   153 ||   609
       Broad axe         |       |       |    57 |    77 ||   134
       Battleaxe         |       |       |       |   156 ||   156
Invok: Berserk           |     4 |     6 |    13 |    19 ||    42
       Trog's Hand       |       |     1 |     8 |    16 ||    25
       Brothers in Arms  |       |       |       |     1 ||     1
Evoke: Wand              |       |       |     5 |     2 ||     7
  Use: Potion            |     1 |       |       |       ||     1
       Scroll            |       |       |     4 |     5 ||     9
 Stab: Sleeping          |     1 |       |       |       ||     1
       Paralysed         |       |       |     6 |     1 ||     7
  Eat: Chunk             |     1 |     2 |    25 |    14 ||    42
       Fruit             |       |     8 |       |    11 ||    19
       Royal jelly       |       |     2 |     1 |     1 ||     4
       Meat ration       |       |       |       |     2 ||     2
Armor: Animal skin       |     8 |       |       |       ||     8
       Scale mail        |    11 |    46 |       |       ||    57
       Ring mail         |       |    29 |   129 |       ||   158
       Chain mail        |       |       |    51 |   192 ||   243
       Plate armour      |       |       |       |    19 ||    19
Dodge: Dodged            |    42 |   118 |   222 |   253 ||   635
